 Dungeon Crawl Stone Soup version 0.32-a0-329-ge6c31236d6 (webtiles) character file.

Game seed: 7166348146745148612

131 Sweetruy1997 the Chopper (level 4, 0/40 HPs)
             Began as a Minotaur Monk on Feb 17, 2024.
             Succumbed to a scorpion's poison
             ... on level 3 of the Dungeon.
             The game lasted 00:05:40 (2613 turns).

Sweetruy1997 the Chopper (Minotaur Monk)            Turns: 2613, Time: 00:05:40

Health: 0/40       AC:  6    Str: 18    XL:     4   Next: 91%
Magic:  3/3        EV: 11    Int:  7    God:
Gold:   211        SH:  0    Dex: 12    Spells: 3/3 levels left

rFire   + . .        a - +0 hand axe
rCold   . . .        d - orb {light}
rNeg    . . .        h - +0 scale mail
rPois   .            (helmet currently unavailable)
rElec   .            (cloak currently unavailable)
rCorr   .            (gloves currently unavailable)
SInv    .            (boots currently unavailable)
Will    .....        r - amulet of the acrobat Stlth
                     g - ring of protection from fire
HPRegen 0.26/turn    (no ring)
MPRegen 0.08/turn

%: acrobat
@: lethally poisoned (0 -> -15), beast-form, glowing
A: beast (slay +0), horns 2, retaliatory headbutt
a: Begin Untransformation


You were on level 3 of the Dungeon.
You were a hulking beast.
You visited 1 branch of the dungeon, and saw 4 of its levels.

You collected 211 gold pieces.

Inventory:

Hand Weapons
 a - a +0 hand axe (weapon)
Armour
 d - an orb of light (worn)
 h - a +0 scale mail (worn)
Jewellery
 g - a ring of protection from fire (left hand)
 r - an amulet of the acrobat (around neck)
 t - an amulet of magic regeneration
Talismans
 f - a beast talisman (active)
 s - a flux talisman
Wands
 p - a wand of charming (8)
 q - a wand of iceblast (7)
Scrolls
 b - a scroll of torment {unknown}
 i - a scroll of enchant armour {unknown}
 j - 4 scrolls of vulnerability {unknown}
 k - 5 scrolls of teleportation {unknown}
 l - a scroll of fear {unknown}
 n - a scroll of amnesia {unknown}
 o - 2 scrolls of identify {unknown}
Potions
 c - a potion of ambrosia
 e - 2 potions of enlightenment {unknown}
 m - a potion of might {unknown}


   Skills:
 - Level 4.0 Fighting
 + Level 5.4 Axes
 - Level 1.0 Armour
 - Level 4.0 Dodging
 + Level 1.2 Shapeshifting


You had 3 spell levels left.
You didn't know any spells.
Your spell library contained the following spells:

 Spells                   Type           Power      Damage    Failure   Level
 Shock                    Conj/Air       0%         1d3       83%         1
 Swiftness                Air            0%         N/A       99%         3
 Airstrike                Air            0%         2d(0-16)  100%        4


Dungeon Overview and Level Annotations

Branches:
Dungeon (4/15)
 Temple: D:4-7

Altars:


Innate Abilities, Weirdness & Mutations

You are a hulking beast.
Your limbs bulge with bestial killing power. (Slay +0)
You have a pair of horns on your head.
You reflexively headbutt those who attack you in melee.


Message History

Found a tubular bone ring.
You see here a +0 robe.
You completely miss the scorpion. The scorpion stings you.
You barely miss the scorpion.
You headbutt the scorpion, but do no damage.
The scorpion stings you.
You hit the scorpion.
You headbutt the scorpion, but do no damage.
The scorpion is lightly wounded.
The scorpion closely misses you. The scorpion stings you.
You are poisoned.
The scorpion poisons you!
You hit the scorpion. You headbutt the scorpion.
The scorpion is heavily wounded.
You feel very sick.
The scorpion stings you but does no damage.
The dart slug launches a dart at you. The slug dart hits you.
You hit the scorpion but do no damage.
The scorpion is heavily wounded.
You feel sick. The scorpion barely misses you.
You barely miss the scorpion.
The scorpion is heavily wounded.
You feel sick. The scorpion barely misses you.
You hit the scorpion but do no damage. Your headbutt misses the scorpion.
The scorpion is moderately wounded.
You feel sick. The scorpion stings you. x2
You are too injured to fight recklessly!
You are too injured to fight recklessly!
Okay, then.
You feel sick. The dart slug bites you.
* * * LOW HITPOINT WARNING * * *
You feel sick.
There is a stone staircase leading up here.
You feel sick. The scorpion stings you.
* * * LOW HITPOINT WARNING * * *
You are lethally poisoned!
The scorpion poisons you!
You climb upwards.
You die...

#.##### #.# #.# #.# #.
#.....# #.# #.# #.# #.
#####.# #.# #.# #.###. #.#
##.# #.# #..... #.# #..#
#)# #..... #.# #.## #.#
##.### #.###.## #.## #.#
#.##...# #s.# #.# #.##.#.#
##h# #.# #.##.#.####.# #.#
#....#....#.# #.###
#.#######.#.# #....
####....#....#.# #####
#.......#....#.###########
#.#####.#...##...........#
#.# #...<###..########.#
#.# ####.# #..# #.#


You could see a scorpion.

Vanquished Creatures
  3 gnolls (D:2)
  An adder (D:3)
  2 ribbon worms
  3 dart slugs
  4 endoplasms
  4 giant cockroaches
  3 goblins
  4 hobgoblins
  3 jackals (D:2)
  4 quokkas
  A ball python (D:3)
  4 bats
  3 frilled lizards (D:2)
  4 kobolds
  6 rats
49 creatures vanquished.

Notes
Turn   | Place    | Note
-------+----------+-------------------------------------------
     0 | D:1      | Sweetruy1997 the Minotaur Monk began the quest for the Orb.
     0 | D:1      | Reached XP level 1. HP: 19/19 MP: 0/0
   137 | D:1      | Reached XP level 2. HP: 21/27 MP: 1/1
   418 | D:1      | Reached skill level 4 in Axes
   779 | D:1      | Reached XP level 3. HP: 32/33 MP: 2/2
  1445 | D:2      | Reached skill level 1 in Armour
  1555 | D:2      | Reached XP level 4. HP: 37/40 MP: 3/3
  1660 | D:2      | Reached skill level 5 in Axes
  2028 | D:3      | Reached skill level 1 in Shapeshifting
  2600 | D:4      | Noticed a scorpion
  2613 | D:3      | Succumbed to a scorpion's poison

Illustrated notes

Levels and vault maps discovered:
D:1:      heliophobic_arrival_enchanted_forest, layout_rooms,
          serial_co_window_serial, co_window_paths_a, co_window_cross_1,
          co_window_paths_a, co_window_paths_a, co_window_corner_a,
          co_window_paths_a, co_window_of_opportunity_a,
          co_window_unsneaky_path_c, co_window_corner_ca, co_window_corner_cb,
          co_window_broadway_a, co_window_2corner, co_window_corner_cb,
          glass_columns_c, glass_columns_c, glass_columns_b
D:2:      layout_loops_ring, minivault_27, roderic_lattice_a
D:3:      layout_loops_ring
D:4:      layout_cave_pools, ebering_ghost_reflecting_pool

Skill      XL: |  1  2  3  4 |
---------------+-------------+-----
Fighting       | 4 |  4.0
Axes           | 4 5 |  5.4
Dodging        | 4 |  4.0
Armour         | 1 |  1.0
Shapeshifting  | 1 |  1.2

Action                     |  1- 3 |  4- 6 || total
---------------------------+-------+-------++-------
  Melee: Hand axe          |    50 |    26 ||    76
         Headbutt          |    16 |    12 ||    28
 Armour: Scale mail        |    32 |    12 ||    44
         Robe              |     3 |       ||     3
  Dodge: Dodged            |    19 |    16 ||    35
   Form: Beast             |     2 |       ||     2
                           |     1 |       ||     1

Table legend: (Time is in decaauts)
 A = Elapsed time spent in this place.
 B = Non-inter-level travel time spent in this place.
 C = Inter-level travel time spent in this place.
 D = Time resting spent in this place.
 E = Time spent auto-exploring this place.
 F = Levels seen in this place.
 G = Mean time per level.
                   A        B        C        D        E       F      G
               +--------+--------+--------+--------+--------+-----+--------+
         Total |   2618 |   2462 |    156 |      0 |   2149 |   4 |  654.5 |
       Dungeon |   2618 |   2462 |    156 |      0 |   2149 |   4 |  654.5 |
               +--------+--------+--------+--------+--------+-----+--------+

Top non-repeatable levels by time:
     D:2: 1007 daAuts
     D:1: 989 daAuts
     D:3: 608 daAuts
     D:4: 12 daAuts
